 Dungeon Crawl Stone Soup version 0.31.0-9-g3a7656b989 (webtiles) character file.

Game seed: 17412639933064407909

64 Arctor the Vexing (level 4, 0/26 HPs)
             Began as a Kobold Hexslinger on Jan 25, 2024.
             Slain by an orc
             ... wielding a +0 whip
              (5 damage)
             ... on level 3 of the Dungeon.
             The game lasted 00:01:16 (1449 turns).

Arctor the Vexing (Kobold Hexslinger)               Turns: 1449, Time: 00:01:17

Health: 0/26       AC:  2    Str:  5    XL:     4   Next: 32%
Magic:  6/6        EV: 16    Int: 14    God:
Gold:   57         SH:  0    Dex: 19    Spells: 6/6 levels left

rFire   . . .        a - +1 sling
rCold   . . .        (no shield)
rNeg    . . .        c - +0 robe
rPois   .            (no helmet)
rElec   .            (no cloak)
rCorr   .            (no gloves)
SInv    .            (no boots)
Will    .....        (no amulet)
Stlth   +++          (no ring)
HPRegen 0.24/turn    (no ring)
MPRegen 0.10/turn

%: no passive effects
@: no status effects
A: small, no large weapons, nightstalker 3
a: no special abilities


You were on level 3 of the Dungeon.
You visited 1 branch of the dungeon, and saw 3 of its levels.

You collected 57 gold pieces.

Inventory:

Hand Weapons
 a - a +1 sling (weapon)
Armour
 c - a +0 robe (worn)
Jewellery
 f - a +5 ring of evasion
Scrolls
 b - a scroll of poison
 e - a scroll of enchant weapon {unknown}
 h - a scroll of silence {unknown}
 j - a scroll of fog {unknown}
 k - a scroll of identify {unknown}
Potions
 d - 2 potions of brilliance {unknown}
 g - a potion of attraction {unknown}
 i - a potion of curing {unknown}


   Skills:
 + Level 2.0 Fighting
 + Level 3.3 Ranged Weapons
 + Level 3.1 Dodging
 + Level 1.8 Spellcasting
 + Level 3.3 Hexes
 + Level 1.6 Fire Magic


You had 6 spell levels left.
You didn't know any spells.
Your spell library contained the following spells:

 Spells                   Type           Power      Damage    Failure   Level
 Jinxbite                 Hex            20%        N/A       10%         2
 Sigil of Binding         Hex            10%        N/A       19%         3
 Inner Flame              Hex/Fire       8%         N/A       26%         3
 Lesser Beckoning         Tloc           2%         N/A       36%         2
 Cause Fear               Hex            5%         N/A       52%         4
 Gell's Gravitas          Tloc           1%         N/A       58%         3
 Teleport Other           Tloc           1%         N/A       58%         3
 Dimensional Bullseye     Hex/Tloc       2%         N/A       77%         4


Dungeon Overview and Level Annotations

Branches:
Dungeon (3/15)

Altars:


Innate Abilities, Weirdness & Mutations

You are small and have problems with some larger weapons.
You are completely attuned to the shadows.


Message History

You shoot a sling bullet.
The sling bullet barely misses the orc. x2
The orc closely misses you.
You shoot a sling bullet. The sling bullet hits the orc!
You kill the orc!
An orc comes into view. It is wielding a +0 whip.
The orc hits you with a +0 whip.
You shoot a sling bullet.
The sling bullet hits the orc but does no damage.
The orc closely misses you.
A quokka comes into view.
You shoot a sling bullet.
The sling bullet hits the orc but does no damage.
The orc misses you.
You shoot a sling bullet. The sling bullet barely misses the orc.
The sling bullet closely misses the orc.
The orc barely misses you.
You shoot a sling bullet.
The sling bullet hits the orc but does no damage.
The orc closely misses you. x2; The orc barely misses you.
The orc hits you with a +0 whip.
You shoot a sling bullet.
The sling bullet hits the orc but does no damage.
The quokka closely misses you. The orc misses you.
The orc hits you with a +0 whip. The quokka bites you.
You don't know any spells.
Sorry, you're not good enough to have a special ability.
You shoot a sling bullet. The sling bullet hits the orc.
The orc is lightly wounded.
The orc hits you with a +0 whip. The orc completely misses you.
The quokka bites you.
You shoot a sling bullet. The sling bullet hits the orc.
The orc is heavily wounded.
The quokka closely misses you. The orc hits you with a +0 whip.
* * * LOW HITPOINT WARNING * * *
The orc closely misses you.
You shoot a sling bullet. The sling bullet hits the orc.
You kill the orc!
The quokka closely misses you. The orc misses you.
The quokka closely misses you. The orc hits you with a +0 whip.
You die...

.#..####....#
##...(..#..#
#####....##
#####......
...........
..........#
...........
..........
...)@....#
...r)o...
......)..
.........
.........


You could see an orc and a quokka.

Vanquished Creatures
  3 adders
  2 orcs (D:3)
  3 endoplasms
  A giant cockroach (D:2)
  4 goblins
  3 hobgoblins
  3 quokkas
  4 ball pythons
  5 bats
  2 frilled lizards (D:1)
  4 kobolds
  3 rats
37 creatures vanquished.

Notes
Turn   | Place    | Note
-------+----------+-------------------------------------------
     0 | D:1      | Arctor the Kobold Hexslinger began the quest for the Orb.
     0 | D:1      | Reached XP level 1. HP: 12/12 MP: 2/2
   168 | D:1      | Reached XP level 2. HP: 16/16 MP: 3/3
   699 | D:1      | You fall into a shaft and drop 1 floor!
   717 | D:2      | Reached XP level 3. HP: 20/20 MP: 5/5
  1018 | D:2      | Reached XP level 4. HP: 26/26 MP: 6/6
  1397 | D:3      | Found a faded altar of an unknown god.
  1449 | D:3      | Slain by an orc

Illustrated notes

Levels and vault maps discovered:
D:1:      minmay_arrival_four_houses, layout_basic
D:2:      layout_loops_ring
D:3:      layout_rooms, lemuel_zombie_altar_yredelemnul,
          mainiacjoe_overflow_catwalk, mainiacjoe_overflow_catch_the_wave,
          nicolae_ecumenical_snake_handling, minmay_pentomino_pile

Skill      XL: |  1  2  3  4 |
---------------+-------------+-----
Ranged Weapons | 3 |  3.3
Dodging        | 3 |  3.1
Fighting       | 2 |  2.0
Spellcasting   | |  1.8
Hexes          | |  3.3
Fire Magic     | |  1.6

Action                     |  1- 3 |  4- 6 || total
---------------------------+-------+-------++-------
   Fire: Sling             |    61 |    33 ||    94
 Armour: Robe              |     9 |    11 ||    20
  Dodge: Dodged            |    19 |    28 ||    47
